[Event "1000GM Winter IM Norm-2 2024"]
[Site "Sunnyvale/"]
[Date "2024.01.03"]
[Round "1.1"]
[White "Zhou, Ruoyu"]
[Black "Arenas, David"]
[Result "0-1"]
[ECO "B72"]
[WhiteElo "2112"]
[BlackElo "2406"]
[Annotator "RC"]
[PlyCount "106"]
[EventDate "2023.12.14"]
[EventType "schev"]
[EventCountry "USA"]
[SourceTitle "playchess.com"]
[Source "ChessBase"]
[SourceQuality "1"]
[TimeControl "5400+30"]

1. e4 c5 2. Nf3 d6 3. d4 Nf6 4. Nc3 cxd4 5. Nxd4 g6 6. Be3 Nc6 7. f3 h5 8. Qd2 Nxd4 9. Bxd4 Bh6 10. Be3 Bxe3 11. Qxe3 Be6 12. Bb5+ Kf8 13. O-O Qa5 14. Kh1 Rc8 15. Be2 Qc5 16. Qd2 h4 17. f4 Qb4 18. Bd3 h3 19. g3 Qxb2 20. Ne2 Qb6 21. Rae1 d5 22. e5 Ng4 23. Ng1 d4 24. Nf3 Ne3 25. Rf2 Bd5 26. Kg1 Bxf3 27. Rxf3 e6 28. Rfxe3 dxe3 29. Qxe3 Qxe3+ 30. Rxe3 Ke7 31. Re4 Rc5 32. Rb4 b6 33. Kf2 g5 34. Ra4 a5 35. Rd4 gxf4 36. gxf4 Rg8 37. Be4 Rg4 38. Kf3 Rg2 39. a4 Rc3+ 40. Bd3 Rgxc2 41. f5 exf5 42. Rd6 Rd2 43. Ke3 Rdxd3+ 44. Rxd3 Rxd3+ 45. Kxd3 Ke6 46. Kd4 f4 47. Ke4 f3 48. Kxf3 Kxe5 49. Ke3 f5 50. Kd3 f4 51. Kd2 b5 52. axb5 Kd5 53. Kd3 a4 0-1

[Event "1000GM Winter IM Norm-2 2024"]
[Site "Sunnyvale/"]
[Date "2024.01.03"]
[Round "1.2"]
[White "Hajnal, Zoltan"]
[Black "Yao, Hanchi"]
[Result "1-0"]
[ECO "B56"]
[WhiteElo "2383"]
[BlackElo "1998"]
[Annotator "RC"]
[PlyCount "73"]
[EventDate "2023.12.14"]
[EventType "schev"]
[EventCountry "USA"]
[SourceTitle "playchess.com"]
[Source "ChessBase"]
[SourceQuality "1"]
[TimeControl "5400+30"]

1. e4 c5 2. Nf3 d6 3. d4 Nf6 4. Nc3 cxd4 5. Nxd4 Nc6 6. g3 e5 7. Nde2 Bg4 8. Bg2 Be7 9. h3 Be6 10. O-O Qd7 11. Kh2 h5 12. Nd5 h4 13. g4 g5 14. Be3 Nh7 15. Qd2 Bd8 16. Rfd1 Bxd5 17. exd5 Nb8 18. Be4 Qe7 19. Qd3 Nf8 20. Nc3 a6 21. Bf5 Nfd7 22. Ne4 f6 23. Qa3 Bc7 24. Qc3 Kd8 25. a4 a5 26. b4 b6 27. Rdb1 axb4 28. Rxb4 Na6 29. Rc4 Ndc5 30. a5 b5 31. Rxc5 Nxc5 32. Bxc5 dxc5 33. d6 Bxd6 34. Rd1 Kc7 35. Rxd6 Qxd6 36. Nxd6 Kxd6 37. Qd3+ 1-0

[Event "1000GM Winter IM Norm-2 2024"]
[Site "Sunnyvale/"]
[Date "2024.01.03"]
[Round "1.3"]
[White "Sivakumar, Shaaketh"]
[Black "Zuluaga Mancilla, Cesar"]
[Result "1-0"]
[ECO "B40"]
[WhiteElo "2364"]
[BlackElo "2251"]
[Annotator "RC"]
[PlyCount "171"]
[EventDate "2023.12.14"]
[EventType "schev"]
[EventCountry "USA"]
[SourceTitle "playchess.com"]
[Source "ChessBase"]
[SourceQuality "1"]
[TimeControl "5400+30"]

1. e4 c5 2. Nf3 e6 3. g3 Nf6 4. Qe2 d6 5. Bg2 e5 6. O-O g6 7. b4 cxb4 8. a3 bxa3 9. d4 Nc6 10. dxe5 dxe5 11. Rd1 Bd7 12. Nxa3 Be7 13. Bb2 Qb8 14. h3 O-O 15. Nc4 Qc8 16. Kh2 Be6 17. Ncxe5 Rd8 18. Nxc6 Qxc6 19. e5 Ne8 20. Nd4 Qb6 21. Rab1 Ba2 22. Qe4 Bxb1 23. Rxb1 Ng7 24. c3 Rab8 25. Ba3 Qc7 26. Nb5 Qd7 27. Nd6 Ne8 28. Rd1 Nxd6 29. exd6 Bf6 30. c4 b6 31. Rd3 Re8 32. Qf4 Be5 33. Qh4 Kg7 34. Qg5 Rbd8 35. Rd5 f6 36. Qd2 Qa4 37. Qd3 Ba1 38. Rb5 Re1 39. Bf3 Be5 40. d7 a6 41. Rd5 Bc7 42. Bg4 Qc6 43. Bb4 Re5 44. Rxe5 fxe5 45. Be7 Kf7 46. Bxd8 Bxd8 47. Bf3 Qc5 48. Qe2 Ke7 49. Bd5 Qd4 50. Qf3 Kxd7 51. Qf7+ Be7 52. Kg2 Kd8 53. Qg8+ Kd7 54. Qxh7 g5 55. Qf5+ Kd8 56. Qe6 Bc5 57. Qg8+ Kd7 58. Qf7+ Kd8 59. Qf6+ Be7 60. Qe6 Bc5 61. Qf6+ Be7 62. Qh8+ Kc7 63. Be6 Bd8 64. Qg7+ Kd6 65. Bd5 Be7 66. Qh8 Kc7 67. Be6 Bd8 68. Qg7+ Kd6 69. Qd7+ Kc5 70. Bd5 b5 71. Qc6+ Kb4 72. Qd6+ Kc3 73. Qxd8 bxc4 74. Qa5+ Kb3 75. Bg8 Qe4+ 76. Kh2 Qd4 77. Kg1 Qd1+ 78. Kg2 Qd6 79. Qa1 Qc6+ 80. Kg1 Qb5 81. Qb1+ Ka4 82. Qa2+ Kb4 83. Qb2+ Ka4 84. Qc3 Qb1+ 85. Kh2 Qa2 86. Qxc4+ 1-0

[Event "1000GM Winter IM Norm-2 2024"]
[Site "Sunnyvale/"]
[Date "2024.01.03"]
[Round "1.4"]
[White "Atwell, Rose"]
[Black "Calderin Gonzalez, Roberto"]
[Result "1/2-1/2"]
[ECO "B01"]
[WhiteElo "2104"]
[BlackElo "2413"]
[Annotator "RC"]
[PlyCount "86"]
[EventDate "2023.12.14"]
[EventType "schev"]
[EventCountry "USA"]
[SourceTitle "playchess.com"]
[Source "ChessBase"]
[SourceQuality "1"]
[TimeControl "5400+30"]

1. e4 d5 2. exd5 Qxd5 3. Nf3 Bg4 4. Be2 Nc6 5. d4 O-O-O 6. Be3 e5 7. Nc3 Bb4 8. O-O Bxc3 9. bxc3 e4 10. Nd2 Bxe2 11. Qxe2 Nf6 12. Rfb1 Qa5 13. Qc4 Qd5 14. Qa4 Qa5 15. Qb3 Qa6 16. Qxf7 Rd7 17. Qb3 Re8 18. Nc4 Nd5 19. a4 Nb6 20. Nd2 Na5 21. Qb5 Nbc4 22. Nb3 Qxb5 23. axb5 b6 24. Nxa5 Nxa5 25. Ra4 Re6 26. c4 c6 27. bxc6 Rxc6 28. Rbb4 Rf6 29. d5 Nc6 30. Rb1 Ne5 31. Bd4 Rf5 32. Rba1 Kb8 33. Kf1 Ng4 34. Ke2 Nxh2 35. Rh1 Ng4 36. Rxh7 Rdf7 37. Ra1 Rxf2+ 38. Bxf2 Rxf2+ 39. Ke1 Rxg2 40. Rxg7 Rg1+ 41. Kd2 e3+ 42. Ke2 Rxa1 43. Rxg4 Ra3 1/2-1/2

[Event "1000GM Winter IM Norm-2 2024"]
[Site "Sunnyvale/"]
[Date "2024.01.03"]
[Round "1.5"]
[White "Goktepe, Derin"]
[Black "Stopa, Jacek"]
[Result "0-1"]
[ECO "A85"]
[WhiteElo "2187"]
[BlackElo "2344"]
[Annotator "RC"]
[PlyCount "140"]
[EventDate "2023.12.14"]
[EventType "schev"]
[EventCountry "USA"]
[SourceTitle "playchess.com"]
[Source "ChessBase"]
[SourceQuality "1"]
[TimeControl "5400+30"]

1. d4 g6 2. c4 Bg7 3. f3 f5 4. Nc3 Nf6 5. e4 fxe4 6. fxe4 O-O 7. Nf3 d6 8. Be2 e5 9. d5 h6 10. Be3 Ng4 11. Bd2 c6 12. Qb3 Na6 13. O-O Nc5 14. Qc2 a5 15. Kh1 Bd7 16. Rac1 Qe7 17. b3 Kh7 18. dxc6 bxc6 19. Rcd1 Ne6 20. Bc1 Nd4 21. Qd2 Qd8 22. h3 Nf6 23. Nxd4 exd4 24. Qxd4 Nd5 25. e5 dxe5 26. Qd2 Nxc3 27. Qxc3 Rxf1+ 28. Bxf1 Qe8 29. Bb2 a4 30. Bd3 axb3 31. axb3 Ra7 32. Be4 Bf5 33. Qc2 Qe6 34. Rf1 Rf7 35. Bxf5 Rxf5 36. Rxf5 gxf5 37. g4 e4 38. Bxg7 Kxg7 39. gxf5 Qxf5 40. Qc3+ Kf7 41. Qe3 h5 42. Kg2 c5 43. Kg3 Qe5+ 44. Kg2 Qg7+ 45. Kf2 Qb2+ 46. Kg3 Qe5+ 47. Kg2 Kg6 48. Qe2 Qg5+ 49. Kf2 Qf4+ 50. Ke1 Qc1+ 51. Kf2 Qf4+ 52. Ke1 Kg5 53. Qg2+ Kf5 54. Ke2 h4 55. Qh1 Qg3 56. Qf1+ Ke6 57. Qf8 Qd3+ 58. Kf2 Qg3+ 59. Ke2 Qd3+ 60. Kf2 e3+ 61. Kg1 Qd1+ 62. Kg2 e2 63. Qh6+ Kf5 64. Qh7+ Ke5 65. Qg7+ Ke4 66. Qg6+ Kd4 67. Qf6+ Kd3 68. Qf5+ Kc3 69. Qe5+ Kc2 70. Kf2 Qf1+ 0-1

[Event "1000GM Winter IM Norm-2 2024"]
[Site "Sunnyvale/"]
[Date "2024.01.03"]
[Round "1.6"]
[White "Dominguez Aguilar, Guillermo"]
[Black "Stevens, Adam B"]
[Result "1-0"]
[ECO "E05"]
[WhiteElo "2319"]
[BlackElo "1878"]
[Annotator "RC"]
[PlyCount "37"]
[EventDate "2023.12.14"]
[EventType "schev"]
[EventCountry "USA"]
[SourceTitle "playchess.com"]
[Source "ChessBase"]
[SourceQuality "1"]
[TimeControl "5400+30"]

1. c4 e6 2. Nf3 Nf6 3. g3 d5 4. Bg2 dxc4 5. O-O Be7 6. Na3 O-O 7. Nxc4 c5 8. d4 Nc6 9. dxc5 Bxc5 10. a3 a6 11. b4 Ba7 12. Bb2 Qe7 13. Qc2 Bd7 14. Rad1 Nd5 15. e4 Nb6 16. Nd6 Be8 17. e5 Nd8 18. Rd4 h6 19. Rg4 1-0

[Event "1000GM Winter IM Norm-2 2024"]
[Site "Sunnyvale/"]
[Date "2024.01.03"]
[Round "1.7"]
[White "Ramirez, Carlos"]
[Black "Sivakumar, Shaashwath"]
[Result "1-0"]
[ECO "A12"]
[WhiteElo "2190"]
[BlackElo "2205"]
[Annotator "RC"]
[PlyCount "95"]
[EventDate "2023.12.14"]
[EventType "schev"]
[EventCountry "USA"]
[SourceTitle "playchess.com"]
[Source "ChessBase"]
[SourceQuality "1"]
[TimeControl "5400+30"]

1. Nf3 d5 2. c4 c6 3. b3 Nf6 4. Bb2 Bf5 5. g3 e6 6. Bg2 h6 7. O-O Nbd7 8. d3 Be7 9. Nbd2 O-O 10. a3 a5 11. Qc2 Bh7 12. Bc3 Qb8 13. Qb2 Bd6 14. b4 a4 15. Rac1 e5 16. cxd5 cxd5 17. d4 e4 18. Ne5 Nb6 19. Rfd1 Qe8 20. Bh3 Qb5 21. Nf1 Ne8 22. Ne3 Kh8 23. f4 Be7 24. Be1 Bd6 25. Rc5 Bxc5 26. dxc5 Nc4 27. N3xc4 dxc4 28. Bd7 Qa6 29. b5 Qf6 30. Bc3 Qe7 31. Bb4 Qf6 32. c6 Rg8 33. Qd4 bxc6 34. Qxc4 Bf5 35. Nxf7+ Kh7 36. bxc6 Nc7 37. Bc3 Qg6 38. Ne5 Qf6 39. Ng4 Qg6 40. Ne5 Qf6 41. Nf7 Qg6 42. Rd6 Qh5 43. Ng5+ hxg5 44. Bxf5+ Kh8 45. Bg4 Qh7 46. fxg5 Rad8 47. Rh6 Rge8 48. Bf5 1-0

[Event "1000GM Winter IM Norm-2 2024"]
[Site "Sunnyvale/"]
[Date "2024.01.03"]
[Round "1.8"]
[White "Rodi, Luis Ernesto"]
[Black "Bhatta, Rohit"]
[Result "1-0"]
[ECO "D00"]
[WhiteElo "2196"]
[BlackElo "1867"]
[Annotator "RC"]
[PlyCount "77"]
[EventDate "2023.12.14"]
[EventType "schev"]
[EventCountry "USA"]
[SourceTitle "playchess.com"]
[Source "ChessBase"]
[SourceQuality "1"]
[TimeControl "5400+30"]

1. d4 Nf6 2. Bg5 d5 3. Bxf6 exf6 4. e3 Bd6 5. Nd2 c6 6. Bd3 O-O 7. Qf3 Re8 8. Ne2 Nd7 9. g4 Nf8 10. O-O-O Be6 11. h4 Qd7 12. Rdg1 b6 13. g5 f5 14. Nf4 Bxf4 15. Qxf4 c5 16. c3 c4 17. Bc2 b5 18. h5 Re7 19. h6 g6 20. Qe5 f6 21. gxf6 Rf7 22. Nf3 Qd8 23. Ng5 Rxf6 24. Nxe6 Nxe6 25. Bxf5 Nf8 26. f4 a5 27. Bc2 Raa6 28. f5 b4 29. Rg5 Rad6 30. Rhg1 bxc3 31. bxc3 a4 32. fxg6 hxg6 33. h7+ Kxh7 34. e4 dxe4 35. Qxe4 Rde6 36. Qh4+ Kg7 37. Bxg6 Nxg6 38. Rxg6+ Kf7 39. Qh7+ 1-0

[Event "1000GM Winter IM Norm-2 2024"]
[Site "Sunnyvale/"]
[Date "2024.01.03"]
[Round "1.9"]
[White "Ramirez, Carlos"]
[Black "Sivakumar, Shaashwath"]
[Result "*"]
[ECO "E62"]
[WhiteElo "2190"]
[BlackElo "2205"]
[Annotator "RC"]
[PlyCount "32"]
[EventDate "2023.12.14"]
[EventType "schev"]
[EventCountry "USA"]
[SourceTitle "playchess.com"]
[Source "ChessBase"]
[SourceQuality "1"]
[TimeControl "5400+30"]

1. d4 Nf6 2. c4 g6 3. Nf3 Bg7 4. g3 O-O 5. Bg2 d6 6. O-O Nc6 7. Nc3 e5 8. dxe5 dxe5 9. Bg5 h6 10. Qxd8 Rxd8 11. Bxf6 Bxf6 12. Nd5 Kg7 13. Nxc7 Rb8 14. e4 Be7 15. Rad1 Be6 16. Nd5 Bc5 *

[Event "1000GM Winter IM Norm-2 2024"]
[Site "Sunnyvale/"]
[Date "2024.01.03"]
[Round "1.9"]
[White "Karthi, Jashith"]
[Black "Mede, Istvan"]
[Result "1/2-1/2"]
[ECO "E62"]
[WhiteElo "2032"]
[BlackElo "2187"]
[Annotator "RC"]
[PlyCount "63"]
[EventDate "2023.12.14"]
[EventType "schev"]
[EventCountry "USA"]
[SourceTitle "playchess.com"]
[Source "ChessBase"]
[SourceQuality "1"]
[TimeControl "5400+30"]

1. d4 Nf6 2. c4 g6 3. Nf3 Bg7 4. g3 O-O 5. Bg2 d6 6. O-O Nc6 7. Nc3 e5 8. dxe5 dxe5 9. Bg5 h6 10. Qxd8 Rxd8 11. Bxf6 Bxf6 12. Nd5 Kg7 13. Nxc7 Rb8 14. e4 Be7 15. Rad1 Be6 16. Nd5 Bc5 17. a3 a5 18. Rd2 g5 19. Rfd1 g4 20. Nh4 Nd4 21. Ne3 h5 22. Nhf5+ Kf6 23. Nxd4 Bxd4 24. Nd5+ Bxd5 25. cxd5 Rbc8 26. Bf1 Rd6 27. a4 Kg5 28. h4+ Kg6 29. Bb5 f5 30. exf5+ Kxf5 31. Bd3+ Kf6 32. Be4 1/2-1/2

[Event "1000GM Winter IM Norm-2 2024"]
[Site "Sunnyvale/"]
[Date "2024.01.03"]
[Round "2.1"]
[White "Mede, Istvan"]
[Black "Zhou, Ruoyu"]
[Result "1/2-1/2"]
[ECO "D35"]
[WhiteElo "2187"]
[BlackElo "2112"]
[Annotator "ChessBase"]
[PlyCount "89"]
[EventDate "2023.12.14"]
[EventType "schev"]
[EventCountry "USA"]
[SourceTitle "playchess.com"]
[Source "ChessBase"]
[SourceQuality "1"]
[TimeControl "5400+30"]

1. d4 d5 2. c4 e6 3. Nc3 Be7 4. cxd5 exd5 5. Bf4 Nf6 6. Qc2 c6 7. h3 Be6 8. e3 Nbd7 9. Nf3 h6 10. Bd3 Rc8 11. O-O O-O 12. Rad1 Re8 13. Qe2 Bf8 14. Ne5 a6 15. Bh2 Nb6 16. f4 c5 17. Rf2 cxd4 18. exd4 Bb4 19. Qf3 Bxc3 20. bxc3 Na4 21. f5 Bd7 22. c4 Nc3 23. Rc1 Nce4 24. Rb2 Bc6 25. c5 Qa5 26. Bf4 Qa4 27. Be3 Qa3 28. Qe2 Qa5 29. g4 Qc7 30. Bf4 Qd8 31. Qe1 Nd7 32. Bxe4 Nxe5 33. dxe5 dxe4 34. Rd1 Qe7 35. Rd6 Rcd8 36. f6 Qf8 37. Rbd2 Rxd6 38. Rxd6 Re6 39. Qd2 Rxd6 40. cxd6 Qd8 41. fxg7 Qh4 42. Kh2 Kxg7 43. Bg3 Qg5 44. Bf4 Qh4 45. Bg3 1/2-1/2

[Event "1000GM Winter IM Norm-2 2024"]
[Site "Sunnyvale/"]
[Date "2024.01.03"]
[Round "2.2"]
[White "Stopa, Jacek"]
[Black "Karthi, Jashith"]
[Result "1-0"]
[ECO "E02"]
[WhiteElo "2344"]
[BlackElo "2032"]
[Annotator "RC"]
[PlyCount "83"]
[EventDate "2023.12.14"]
[EventType "schev"]
[EventCountry "USA"]
[SourceTitle "playchess.com"]
[Source "ChessBase"]
[SourceQuality "1"]
[TimeControl "5400+30"]

1. Nf3 d5 2. d4 Nf6 3. c4 e6 4. g3 dxc4 5. Qa4+ Nbd7 6. Bg2 c5 7. O-O cxd4 8. Nxd4 Be7 9. Qxc4 O-O 10. Rd1 Qa5 11. Nc3 Rb8 12. Qb5 Qc7 13. Bf4 e5 14. Nf5 Bc5 15. Be3 Bxe3 16. Nxe3 Nb6 17. Rac1 Bd7 18. Qa5 Rfc8 19. Qxa7 Ra8 20. Qxb7 Ra7 21. Qxc7 Raxc7 22. Ra1 Be6 23. Rd6 Nbd7 24. Ned5 Bxd5 25. Bxd5 Rb8 26. Bb3 Nc5 27. Rad1 h6 28. Rd8+ Rxd8 29. Rxd8+ Kh7 30. Nd5 Nxd5 31. Bxd5 Na4 32. Rb8 f5 33. Bb3 Rc1+ 34. Kg2 Nc5 35. Bg8+ Kh8 36. Be6+ Kh7 37. Bxf5+ g6 38. Bh3 Ne4 39. Rb7+ Kh8 40. Rb4 Nc5 41. Rb8+ Kg7 42. Rc8 1-0

[Event "1000GM Winter IM Norm-2 2024"]
[Site "Sunnyvale/"]
[Date "2024.01.03"]
[Round "2.3"]
[White "Calderin Gonzalez, Roberto"]
[Black "Goktepe, Derin"]
[Result "1-0"]
[ECO "D38"]
[WhiteElo "2413"]
[BlackElo "2187"]
[Annotator "RC"]
[PlyCount "127"]
[EventDate "2023.12.14"]
[EventType "schev"]
[EventCountry "USA"]
[SourceTitle "playchess.com"]
[Source "ChessBase"]
[SourceQuality "1"]
[TimeControl "5400+30"]

1. Nf3 Nf6 2. d4 e6 3. c4 d5 4. Nc3 Bb4 5. a3 Bxc3+ 6. bxc3 c5 7. Bg5 Qa5 8. Bxf6 Qxc3+ 9. Nd2 gxf6 10. dxc5 Na6 11. e3 Nxc5 12. cxd5 O-O 13. Qc1 Nd3+ 14. Bxd3 Qxd3 15. Qb2 Bd7 16. dxe6 Bxe6 17. Nf3 Rfd8 18. Nd4 Bg4 19. h3 Rxd4 20. hxg4 Rd6 21. Rh6 Rb6 22. Qd2 Qxd2+ 23. Kxd2 Rb2+ 24. Ke1 Kg7 25. Rh5 Rc8 26. Rf5 Rcc2 27. g3 b6 28. Rf4 b5 29. Kf1 Ra2 30. Rd1 Rxa3 31. Rd5 a6 32. g5 fxg5 33. Rxg5+ Kf8 34. Rh5 Rc4 35. Rf6 Kg7 36. Rfh6 b4 37. Rxh7+ Kf8 38. Rh8+ Ke7 39. Rb8 b3 40. Rh6 f6 41. Rb6 Kf7 42. Rhxf6+ Kg7 43. Rg6+ Kf7 44. Rgd6 Rc7 45. Rd3 Ra2 46. Rdxb3 Rcc2 47. Rb7+ Kf8 48. Rb8+ Kf7 49. R3b7+ Ke6 50. Rf8 a5 51. g4 Rc4 52. Rb6+ Ke7 53. Ra8 Kd7 54. Ra7+ Kc8 55. g5 Ra1+ 56. Ke2 Ra2+ 57. Kf3 Rcc2 58. g6 Rxf2+ 59. Ke4 Rg2 60. g7 Ra4+ 61. Kf3 Rag4 62. Rf6 Kb8 63. Re7 Rxg7 64. Rf8# 1-0

[Event "1000GM Winter IM Norm-2 2024"]
[Site "Sunnyvale/"]
[Date "2024.01.03"]
[Round "2.4"]
[White "Zuluaga Mancilla, Cesar"]
[Black "Atwell, Rose"]
[Result "1-0"]
[ECO "D02"]
[WhiteElo "2251"]
[BlackElo "2104"]
[Annotator "RC"]
[PlyCount "79"]
[EventDate "2023.12.14"]
[EventType "schev"]
[EventCountry "USA"]
[SourceTitle "playchess.com"]
[Source "ChessBase"]
[SourceQuality "1"]
[TimeControl "5400+30"]

1. d4 d5 2. Nf3 Nf6 3. Bf4 e6 4. e3 Bd6 5. c3 Bxf4 6. exf4 O-O 7. Nbd2 b6 8. g3 c5 9. Bd3 Ba6 10. Qe2 Bxd3 11. Qxd3 Nc6 12. O-O Qd6 13. Rfe1 g6 14. Rad1 Rfd8 15. a3 Rac8 16. Kg2 Ne7 17. Ne5 Qc7 18. Ndf3 Ne4 19. Ng5 Nxg5 20. fxg5 Nf5 21. Rd2 cxd4 22. cxd4 Nd6 23. Ng4 Nf5 24. Qf3 Qe7 25. Qf4 Qd6 26. Re5 Kg7 27. h4 b5 28. Nf6 Qb8 29. h5 h6 30. g4 hxg5 31. Qxg5 Ne7 32. h6+ Kf8 33. Nh7+ Ke8 34. Qf6 Nc6 35. Rxe6+ fxe6 36. Qxe6+ Ne7 37. Nf6+ Kf8 38. h7 Kg7 39. h8=Q+ Kxh8 40. Qf7 1-0

[Event "1000GM Winter IM Norm-2 2024"]
[Site "Sunnyvale/"]
[Date "2024.01.03"]
[Round "2.5"]
[White "Sivakumar, Shaaketh"]
[Black "Hajnal, Zoltan"]
[Result "1/2-1/2"]
[ECO "D13"]
[WhiteElo "2364"]
[BlackElo "2383"]
[Annotator "RC"]
[PlyCount "55"]
[EventDate "2023.12.14"]
[EventType "schev"]
[EventCountry "USA"]
[SourceTitle "playchess.com"]
[Source "ChessBase"]
[SourceQuality "1"]
[TimeControl "5400+30"]

1. d4 d5 2. c4 c6 3. Nc3 Nf6 4. cxd5 cxd5 5. Nf3 Nc6 6. Bf4 a6 7. e3 Bg4 8. h3 Bxf3 9. Qxf3 e6 10. Bd3 Bd6 11. Bg5 Be7 12. Bxf6 Bxf6 13. O-O O-O 14. Rac1 Qa5 15. a3 Rac8 16. Rc2 Ne7 17. Rfc1 Rc6 18. Qg4 Rd8 19. h4 Rcd6 20. Ne2 Rc6 21. Nc3 Rcd6 22. Ne2 Rc6 23. Nf4 Rxc2 24. Rxc2 Ng6 25. Bxg6 hxg6 26. Nd3 Qb5 27. Rc3 Rd6 28. g3 1/2-1/2

[Event "1000GM Winter IM Norm-2 2024"]
[Site "Sunnyvale/"]
[Date "2024.01.03"]
[Round "2.6"]
[White "Yao, Hanchi"]
[Black "Rodi, Luis Ernesto"]
[Result "0-1"]
[ECO "A51"]
[WhiteElo "1998"]
[BlackElo "2196"]
[Annotator "RC"]
[PlyCount "92"]
[EventDate "2023.12.14"]
[EventType "schev"]
[EventCountry "USA"]
[SourceTitle "playchess.com"]
[Source "ChessBase"]
[SourceQuality "1"]
[TimeControl "5400+30"]

1. d4 Nf6 2. c4 e5 3. d5 Bb4+ 4. Bd2 a5 5. Bxb4 axb4 6. Nd2 O-O 7. e4 Na6 8. f3 Nc5 9. Nb3 Nfxe4 10. fxe4 Qh4+ 11. Kd2 Nxe4+ 12. Kc2 Nf2 13. Qe1 d6 14. Rd1 Bf5+ 15. Kc1 Qf4+ 16. Qd2 Nxh1 17. g3 Qe4 18. Bd3 Qxd3 19. Qxd3 Bxd3 20. Rxd3 Nf2 21. Rf3 Ne4 22. Kb1 f5 23. Ne2 g5 24. Nec1 f4 25. g4 Nf6 26. Rf1 b5 27. cxb5 Nxd5 28. Ne2 Rab8 29. a4 bxa3 30. bxa3 Rxb5 31. Ka2 Rfb8 32. Nec1 e4 33. Kb2 c5 34. a4 Rxb3+ 35. Nxb3 c4 36. h4 Rxb3+ 37. Kc1 Ne3 38. Rf2 Ra3 39. Kb1 Rxa4 40. hxg5 f3 41. g6 hxg6 42. g5 c3 43. Rh2 c2+ 44. Kb2 Rb4+ 45. Ka2 d5 46. Rh3 Rc4 0-1

[Event "1000GM Winter IM Norm-2 2024"]
[Site "Sunnyvale/"]
[Date "2024.01.03"]
[Round "2.7"]
[White "Bhatta, Rohit"]
[Black "Dominguez Aguilar, Guillermo"]
[Result "0-1"]
[ECO "A62"]
[WhiteElo "1867"]
[BlackElo "2319"]
[Annotator "RC"]
[PlyCount "102"]
[EventDate "2023.12.14"]
[EventType "schev"]
[EventCountry "USA"]
[SourceTitle "playchess.com"]
[Source "ChessBase"]
[SourceQuality "1"]
[TimeControl "5400+30"]

1. d4 Nf6 2. c4 c5 3. d5 e6 4. Nc3 exd5 5. cxd5 d6 6. g3 g6 7. Bg2 Bg7 8. Nf3 O-O 9. O-O Re8 10. Bf4 Na6 11. Re1 h6 12. e4 g5 13. Bd2 Nb4 14. Bc1 c4 15. Bf1 Bg4 16. Rb1 Rc8 17. a3 Bxf3 18. Qxf3 Nc2 19. Rd1 Qb6 20. Be3 Nxe3 21. fxe3 Nd7 22. Bh3 Ne5 23. Qe2 Rc7 24. Bf5 Bf6 25. Rf1 Kg7 26. Kg2 Rh8 27. h3 a6 28. Bg4 Bd8 29. Bh5 Qc5 30. Qd2 Re7 31. Ne2 Ba5 32. Qd1 Qxe3 33. Nd4 Qxe4+ 34. Kh2 Rd7 35. Rf2 Qd3 36. Qg1 Kg8 37. Rd1 Qe4 38. Re2 Qh7 39. Qf1 Qg7 40. Nf5 Qf6 41. Rf2 Bb6 42. Nd4 Qd8 43. Rf6 Bxd4 44. Rxd4 Kg7 45. Rf5 Re8 46. Rd2 Qa5 47. Rdf2 Qxd5 48. Rf6 Ree7 49. Bg4 Rc7 50. Rxh6 Kxh6 51. Rf6+ Kg7 0-1

[Event "1000GM Winter IM Norm-2 2024"]
[Site "Sunnyvale/"]
[Date "2024.01.03"]
[Round "2.8"]
[White "Stevens, Adam B"]
[Black "Ramirez, Carlos"]
[Result "1/2-1/2"]
[ECO "D27"]
[WhiteElo "1878"]
[BlackElo "2190"]
[Annotator "RC"]
[PlyCount "40"]
[EventDate "2023.12.14"]
[EventType "schev"]
[EventCountry "USA"]
[SourceTitle "playchess.com"]
[Source "ChessBase"]
[SourceQuality "1"]
[TimeControl "5400+30"]

1. d4 d5 2. c4 dxc4 3. Nf3 Nf6 4. e3 e6 5. Bxc4 a6 6. a4 c5 7. O-O Be7 8. Qe2 O-O 9. Nc3 cxd4 10. exd4 Nc6 11. Rd1 Bd7 12. Bg5 Nb4 13. Ne5 Be8 14. Bb3 Rc8 15. h3 Nfd5 16. Bxe7 Nxe7 17. Qd2 Bc6 18. Nxc6 Rxc6 19. d5 exd5 20. Nxd5 Nbxd5 1/2-1/2

[Event "1000GM Winter IM Norm-2 2024"]
[Site "Sunnyvale/"]
[Date "2024.01.03"]
[Round "2.9"]
[White "Arenas, David"]
[Black "Sivakumar, Shaashwath"]
[Result "1/2-1/2"]
[ECO "B92"]
[WhiteElo "2406"]
[BlackElo "2205"]
[Annotator "RC"]
[PlyCount "44"]
[EventDate "2023.12.14"]
[EventType "schev"]
[EventCountry "USA"]
[SourceTitle "playchess.com"]
[Source "ChessBase"]
[SourceQuality "1"]
[TimeControl "5400+30"]

1. e4 c5 2. Nf3 d6 3. Nc3 a6 4. d4 cxd4 5. Nxd4 Nf6 6. Be2 e5 7. Nb3 Be7 8. O-O O-O 9. Re1 Be6 10. Bf3 Nbd7 11. a4 Qb8 12. Nd2 Rc8 13. Nf1 Bd8 14. a5 b5 15. axb6 Bxb6 16. Ne3 Bd4 17. Ncd5 Bxd5 18. exd5 Qb6 19. Ra2 a5 20. c3 Bc5 21. Qa4 Ra7 22. b3 Qd8 1/2-1/2

[Event "1000GM Winter IM Norm-2 2024"]
[Site "Sunnyvale/"]
[Date "2024.01.04"]
[Round "3.1"]
[White "Zhou, Ruoyu"]
[Black "Stopa, Jacek"]
[Result "0-1"]
[ECO "B03"]
[WhiteElo "2112"]
[BlackElo "2344"]
[Annotator "RC"]
[PlyCount "82"]
[EventDate "2023.12.14"]
[EventType "schev"]
[EventCountry "USA"]
[SourceTitle "playchess.com"]
[Source "ChessBase"]
[SourceQuality "1"]
[TimeControl "5400+30"]

1. e4 Nf6 2. e5 Nd5 3. c4 Nb6 4. d4 d6 5. exd6 exd6 6. Nc3 Be7 7. h3 O-O 8. Nf3 Re8 9. Be2 Bf5 10. O-O Nc6 11. Bf4 Bf6 12. Rc1 h6 13. b3 Bg6 14. Be3 Ne7 15. Bd3 Nf5 16. Bxf5 Bxf5 17. d5 Nd7 18. Qd2 a6 19. Rfe1 Bg6 20. Bf4 Nc5 21. Rxe8+ Qxe8 22. Be3 Nd3 23. Rf1 b5 24. cxb5 axb5 25. a4 bxa4 26. bxa4 c5 27. dxc6 Qxc6 28. Bd4 Bd8 29. Qd1 Nb2 30. Qb3 Nxa4 31. Nxa4 Rxa4 32. Qb8 Ra8 33. Qb2 f6 34. Rc1 Qd5 35. Be3 Be4 36. Ne1 Ba5 37. f3 Bg6 38. Qd4 Qxd4 39. Bxd4 Re8 40. Kf2 Re7 41. Ra1 Bb4 0-1

[Event "1000GM Winter IM Norm-2 2024"]
[Site "Sunnyvale/"]
[Date "2024.01.04"]
[Round "3.2"]
[White "Karthi, Jashith"]
[Black "Calderin Gonzalez, Roberto"]
[Result "0-1"]
[ECO "B06"]
[WhiteElo "2032"]
[BlackElo "2413"]
[Annotator "RC"]
[PlyCount "108"]
[EventDate "2023.12.14"]
[EventType "schev"]
[EventCountry "USA"]
[SourceTitle "playchess.com"]
[Source "ChessBase"]
[SourceQuality "1"]
[TimeControl "5400+30"]

1. d4 g6 2. e4 Bg7 3. Nf3 d6 4. Bc4 Nf6 5. Qe2 c6 6. O-O O-O 7. Bb3 a5 8. a4 b6 9. Re1 Ba6 10. Qd1 c5 11. c3 cxd4 12. cxd4 Nc6 13. Bd2 Rc8 14. Bc3 d5 15. e5 Ne4 16. Nbd2 Nxc3 17. bxc3 e6 18. Nf1 Ne7 19. Qd2 Nf5 20. Ne3 Bh6 21. Qb2 Nxe3 22. fxe3 Rc6 23. Rac1 Qc7 24. Nd2 Rc8 25. Nb1 Bd3 26. Bc2 Bxc2 27. Rxc2 Rc4 28. Qb5 Rb4 29. Qa6 Rxa4 30. Rb2 Rb8 31. Kf2 Ra1 32. Ree2 f6 33. Nd2 fxe5 34. dxe5 Qxe5 35. Nf3 Qc7 36. Ra2 Rxa2 37. Rxa2 Qxc3 38. Re2 Qc5 39. Qa7 Rc8 40. Qd7 Qc6 41. Qe7 Re8 42. Qf6 Bg7 43. Qh4 Rf8 44. h3 e5 45. Kg1 e4 46. Nd4 Bxd4 47. exd4 Qc1+ 48. Re1 Qf4 49. Qxf4 Rxf4 50. Re3 a4 51. Ra3 b5 52. Kh2 Rf7 53. Kg3 Ra7 54. Kf4 b4 0-1